 Dungeon Crawl Stone Soup version bcrawl-1.15.1 (webtiles) character file.

Game seed: 3992260165456015441

20114 Chiseanne the Prestidigitator (level 12, -8/97 HPs)
             Began as a Mummy Archaeologist on Sept 26, 2019.
             Was an Initiate of Gozag.
             Shot with a bolt by a yaktaur (23 damage)
             ... on level 11 of the Dungeon.
             The game lasted 00:41:27 (15550 turns).

Chiseanne the Prestidigitator (MuAc)               Turns: 15550, Time: 00:41:27

Health: -8/97      AC: 21    Str: 15    XL:     12   Next: 42%
Magic:  0/19       EV:  8    Int: 28    God:    Gozag
Gold:   7          SH:  5    Dex: 14    Spells: 11/11 levels left

rFire    + . .     SeeInvis .   a - +9 staff of Olgreb {rPois}
rCold    + + +     Gourm    .   H - +0 buckler {AC+3}
rNeg     + + +     Faith    .   v - +3 chain mail {rF+}
rPois    ∞         Spirit   +   K - -2 hat of the Alchemist {rElec rPois rF+ rC+ rN+ MR+ rMut rCorr}
rElec    +         Reflect  .   x - +0 cloak {MR+}
rCorr    +         Harm     .   G - +0 pair of gloves
rMut     +         Clarity  +   p - +2 pair of boots
MR       +++..                  q - amulet of guardian spirit
Stlth    ..........             m - ring "Dasos" {*Corrode +Fly rElec Int+10 Stlth+}
HPRegen  0.26/turn              t - ring of Hospitality {rC+ rN+ Int+4}
MPRegen  0.16/turn

@: no status effects
A: no food or potions, fire vulnerability, clarity, cold resistance 1, negative
energy resistance 3, torment resistance, unbreathing
a: Potion Petition, Call Merchant, Bribe Branch, Renounce Religion, Evoke Flight


You were on level 11 of the Dungeon.
You worshipped Gozag.
Gozag was noncommittal.
You were not hungry.

You visited 2 branches of the dungeon, and saw 12 of its levels.

You collected 2142 gold pieces.
You spent 1586 gold pieces at shops.
You paid 549 gold pieces to Gozag.

Inventory:

Hand Weapons
 a - the +9 staff of Olgreb (weapon) {rPois}

   It protects you from poison.
 d - a +4 scimitar of flaming
 f - a +2 morningstar of protection
 s - the +6 scimitar of the Pyrrhic Victory {freeze, rF+ rC++ Int-5 Dex+2}
   (You bought it in a shop on level 9 of the Dungeon)

   It has been specially enchanted to freeze those struck by it, causing extra
   injury to most foes and up to half again as much damage against particularly
   susceptible opponents.
   It can also slow down cold-blooded creatures.
   It affects your intelligence (-5).
   It affects your dexterity (+2).
   It protects you from fire.
   It greatly protects you from cold.
Missiles
 c - 2 throwing nets (quivered) {!f}
 e - 68 steel javelins
 h - 770 bolts
 n - 683 sling bullets
 B - 89 poisoned tomahawks
 C - 144 tomahawks
Armour
 p - a +2 pair of boots (worn)
 v - a +3 chain mail of fire resistance (worn)
 x - a +0 cloak of magic resistance (worn)
 D - a scarf of cloud immunity
 G - a +0 pair of gloves (worn)
 H - a +0 buckler of protection (worn)
 J - a +2 helmet of intelligence
 K - the -2 hat of the Alchemist (worn) {rElec rPois rF+ rC+ rN+ MR+ rMut rCorr}
   (You found it on level 9 of the Dungeon)

   It protects you from fire.
   It protects you from cold.
   It insulates you from electricity.
   It protects you from poison.
   It protects you from negative energy.
   It affects your resistance to hostile enchantments.
   It provides partial protection from all sources of acid and corrosion.
   It protects you from mutation.
Magical Staves
 u - an uncursed staff of earth
 A - an uncursed staff of cold
Jewellery
 m - the ring "Dasos" (left hand) {*Corrode +Fly rElec Int+10 Stlth+}
   (You bought it in a shop on level 9 of the Dungeon)

   [ring of flight]

   It affects your intelligence (+10).
   It insulates you from electricity.
   It lets you fly.
   It may corrode you when you take damage.
   It makes you more stealthy.
 q - an amulet of guardian spirit (around neck)
 t - the ring of Hospitality (right hand) {rC+ rN+ Int+4}
   (You took it off a deep elf mage on level 9 of the Dungeon)

   [ring of protection from cold]

   It affects your intelligence (+4).
   It protects you from cold.
   It protects you from negative energy.
Wands
 l - a wand of disintegration (12)
 o - a wand of flame (43)
Scrolls
 b - 3 scrolls of remove curse
 j - a scroll of blinking
 k - 8 scrolls of teleportation
 r - 2 scrolls of identify
 w - 2 scrolls of amnesia
 F - a scroll of magic mapping
 L - a scroll of vulnerability
 M - a scroll of fear
Miscellaneous
 y - a box of beasts
 I - a sack of spiders


   Skills:
 * Level 10.2 Fighting
 - Level 0.7(4.5) Maces & Flails
 - Level 7.2 Staves
 * Level 8.0 Armour
 - Level 3.7 Dodging
 - Level 2.6 Stealth
 * Level 3.9 Shields
 * Level 10.4 Evocations


You had 11 spell levels left.
You didn't know any spells.
Your spell library contained the following spells:

 Spells                   Type           Power        Failure   Level  Hunger
 Animate Skeleton         Necr           N/A          85%         1    N/A
 Pain                     Necr           #...         85%         1    N/A
 Vampiric Draining        Necr           #.........   99%         3    N/A
 Animate Dead             Necr           N/A          100%        4    N/A
 Bolt of Draining         Conj/Necr      #.........   100%        5    N/A
 Silence                  Hex/Air        #.........   100%        5    N/A
 Summon Lightning Spire   Summ/Air       #.......     100%        5    N/A
 Conjure Ball Lightning   Conj/Air       #.........   100%        6    N/A
 Deflect Missiles         Chrm/Air       #.........   100%        6    N/A
 Tornado                  Air            #.........   100%        9    N/A
 Regeneration             Chrm/Necr      Unusable     N/A         3    N/A

Dungeon Overview and Level Annotations

Branches:
Dungeon (11/12)            Temple (1/1) D:4            Lair (0/6) D:9
    Orc (0/1) D:11
 Vaults: D:11-12

Altars:
Ashenzari
Cheibriados
Dithmenos
Elyvilon
Fedhas
Gozag
Hepliaklqana
Kikubaaqudgha
Lugonu
Makhleb
Nemelex Xobeh
Okawaru
Qazlal
Ru
Sif Muna
Trog
Uskayaw
Vehumet
Wu Jian
Xom
Yredelemnul
Zin
The Shining One

Shops:
D:5 %   D:7 [   D:8 !   D:9 *=(=


Innate Abilities, Weirdness & Mutations

You do not eat or drink.
Your flesh is vulnerable to fire.
You are immune to poison.
You possess an exceptional clarity of mind.
Your flesh is cold resistant. (rC+)
You are immune to negative energy. (rN+++)
You are immune to unholy pain and torment.
You can survive without breathing.


Message History

The juvenile weirdshock beast constricts you.
The yaktaur shoots a bolt.
The bolt completely misses you.
The yaktaur shoots a bolt.
The bolt hits you.
You escape the juvenile weirdshock beast's grasp.
The juvenile weirdshock beast bursts into living lightning!
The living lightning hits you! You resist. The living lightning misses you.
The juvenile weirdshock beast blinks! x3
The juvenile weirdshock beast barely misses you.
The juvenile weirdshock beast grabs you.
The juvenile weirdshock beast constricts you.
The juvenile weirdshock beast's grasp on you weakens, but your attempt to escape fails.
The juvenile weirdshock beast hits you.
* * * LOW HITPOINT WARNING * * *
x2 The juvenile weirdshock beast constricts you!
You escape the juvenile weirdshock beast's grasp.
You kill the juvenile weirdshock beast!
The juvenile weirdshock beast's corpse disappears in a puff of smoke!
The yaktaur looks more healthy.
The yaktaur shoots a bolt.
The bolt hits you!!
You die...
Your body crumbles into a pile of gold.

.... ..> ... ...
.. .8. .o# #o###
#+# #$.. #@# #$c.
#.## #.o$## #§.#
#o#### ##c#
##.c.######c#####
#.8.H.....oo...#
#...#.$$$$.....#
#####..$$$....)'.#
.'............###


You could see 2 yaktaurs and 2 orcs.

Vanquished Creatures
  3 two-headed ogres (D:10)
  5 centaur warriors
  An iron troll (shapeshifter) (D:8)
  An unseen horror (D:11)
  A harpy (D:8)
  3 cyclopes
  A wolf spider (D:9)
  An ugly thing (D:9)
  2 deep elf magi (D:9)
  An apocalypse crab (D:8)
  A gargoyle (D:11)
  2 centaur zombies
  A centaur skeleton (D:8)
  2 yaktaurs (D:11)
  An efreet (D:11)
  2 trolls
  A hornet (D:8)
  2 slime creatures (D:9)
  3 hippogriffs
  Sigmund (D:3)
  7 yaks
  A spriggan (D:7)
  A shadow (D:8)
  A vampire (D:9)
  A golden eye (shapeshifter) (D:8)
  2 hungry ghosts
  Menkaure (D:7)
  An acid dragon (D:11)
  2 water moccasins
  3 orc warriors
  A phantom (D:6)
  A sky beast (D:4)
  3 ogres
  A boggart (D:9)
  8 centaurs
  A crocodile (D:4)
  Blork the orc (D:4)
  2 bullfrogs
  5 scorpions
  12 howler monkeys
  4 wights (D:7)
  7 crimson imps
  A quasit (D:7)
  Crazy Yiuf (D:7)
  A gnoll shaman (D:6)
  A jelly (D:9)
  11 orc wizards
  5 orc priests
  2 bullfrog skeletons
  4 hounds
  2 iguanas
  Ijyb (D:4)
  Natasha (D:3)
  8 worker ants
  A worker ant zombie (D:4)
  Robin (D:4)
  9 adders
  17 gnolls
  An adder skeleton (D:8)
  An adder zombie (D:5)
  A worm (D:5)
  A leopard gecko (D:1)
  55 orcs
  A ball python (D:1)
  4 bats
  A giant cockroach (D:2)
  9 goblins
  11 hobgoblins
  24 jackals
  7 kobolds
  A quokka (D:5)
  A frilled lizard (D:2)
  A rat (D:1)
  A fungus (D:7)
287 creatures vanquished.

Notes
Turn   | Place    | Note
-------+----------+-------------------------------------------
     0 | D:1      | Chiseanne the Mummy Archaeologist began the quest for the
                  | Orb.
     0 | D:1      | Reached XP level 1. HP: 15/15 MP: 1/1
   357 | D:1      | Reached XP level 2. HP: 20/21 MP: 2/2
   967 | D:2      | Found a bloodstained altar of Trog.
  1033 | D:2      | Reached XP level 3. HP: 23/27 MP: 3/3
  1270 | D:2      | Found a shadowy altar of Dithmenos.
  1270 | D:2      | Found a glowing silver altar of Zin.
  1473 | D:2      | Reached skill level 1 in Evocations
  2248 | D:3      | Reached XP level 4. HP: 8/33 MP: 4/6
  2989 | D:3      | Found a shattered altar of Ashenzari.
  3042 | D:3      | Noticed Natasha
  3128 | D:3      | Noticed Sigmund
  3218 | D:4      | Noticed Edmund
  3346 | D:3      | Reached XP level 5. HP: 32/38 MP: 6/8
  3519 | D:4      | Found a burning altar of Makhleb.
  3520 | D:4      | Noticed a sky beast
  3522 | D:4      | Noticed Robin
  4136 | D:4      | Noticed Ijyb
  4241 | D:4      | Reached skill level 5 in Evocations
  4306 | D:5      | Entered Level 5 of the Dungeon
  4494 | D:5      | Found Yzapont's Food Boutique.
  4498 | D:5      | Noticed a centaur
  4513 | D:5      | Killed a centaur
  4513 | D:5      | Reached XP level 6. HP: 19/44 MP: 4/10
  4852 | D:5      | Noticed a hippogriff
  4865 | D:5      | Killed a hippogriff
  4865 | D:5      | Reached skill level 1 in Staves
  4865 | D:5      | Reached XP level 7. HP: 41/52 MP: 2/11
  4999 | D:5      | Found a white marble altar of Elyvilon.
  5784 | D:4      | Reached skill level 1 in Armour
  5787 | D:4      | Found a staircase to the Ecumenical Temple.
  5808 | Temple   | Entered the Ecumenical Temple
  5859 | Temple   | Became a worshipper of Gozag Ym Sagoz the Greedy
  5960 | D:4      | Killed Robin
  6091 | D:4      | Killed Ijyb
  6213 | D:4      | Noticed Edmund
  6213 | D:4      | Edmund changed into Edmund the crocodile
  6311 | D:4      | Killed Edmund the crocodile
  6311 | D:4      | Reached XP level 8. HP: 60/60 MP: 1/13
  6417 | D:4      | Noticed Blork the orc
  6423 | D:4      | Killed Blork the orc
  6807 | D:3      | Killed Sigmund
  7189 | D:3      | Killed Natasha
  7518 | D:6      | Noticed a centaur warrior
  7914 | D:6      | Reached skill level 5 in Fighting
  8123 | D:6      | Killed a centaur warrior
  8123 | D:6      | HP: 2/62 [centaur warrior/exploding inner flame[the player
                  | character] (26)]
  8123 | D:6      | Reached XP level 9. HP: 2/69 MP: 0/14
  8482 | D:6      | Found a corrupted altar of Lugonu.
  8696 | D:6      | Found a hide-covered altar of Uskayaw.
  8917 | D:7      | Found a snail-covered altar of Cheibriados.
  8988 | D:7      | Noticed Menkaure
  8999 | D:7      | Killed Menkaure
  9228 | D:7      | Reached skill level 5 in Staves
  9389 | D:7      | Reached XP level 10. HP: 67/77 MP: 13/16
  9486 | D:7      | Bought a +0 cloak of magic resistance for 184 gold pieces
  9719 | D:7      | Found a basalt altar of Yredelemnul.
  9887 | D:7      | Found a runed door.
  9891 | D:7      | Noticed Crazy Yiuf
  9892 | D:7      | Killed Crazy Yiuf
 10005 | D:8      | Found Veacuyvu's Distillery.
 10046 | D:8      | Noticed an apocalypse crab
 10046 | D:8      | an efreet changed into an apocalypse crab
 10053 | D:8      | Killed an apocalypse crab
 10053 | D:8      | Reached skill level 5 in Armour
 10182 | D:8      | Noticed a seven-headed hydra
 10619 | D:8      | Noticed an iron troll
 10723 | D:8      | Noticed a harpy
 10738 | D:8      | Killed a harpy
 10747 | D:8      | Noticed a centaur warrior
 10759 | D:8      | Killed a centaur warrior
 10905 | D:8      | Noticed an iron troll
 10933 | D:8      | Killed an iron troll
 10933 | D:8      | Reached XP level 11. HP: 74/87 MP: 2/17
 11251 | D:8      | Found a shimmering altar of Xom.
 11564 | D:8      | Found a hazy altar of Hepliaklqana.
 12002 | D:9      | Noticed a cyclops
 12023 | D:9      | Noticed a wolf spider
 12024 | D:9      | Killed a cyclops
 12025 | D:9      | Noticed a deep elf mage
 12032 | D:9      | Killed a wolf spider
 12037 | D:9      | Killed a deep elf mage
 12041 | D:9      | Identified the ring of Hospitality {rC+ rN+ Int+4}
 12041 | D:9      | Noticed a deep elf mage
 12065 | D:9      | Found a staircase to the Lair.
 12340 | D:9      | Found Meell's Antique Weapon Boutique.
 12341 | D:9      | Noticed a red ugly thing
 12351 | D:9      | Killed a red ugly thing
 12455 | D:9      | Bought a jewelled scimitar for 261 gold pieces
 12459 | D:9      | Identified the +6 scimitar of the Pyrrhic Victory {freeze,
                  | rF+ rC++ Int-5 Dex+2} (You bought it in a shop on level 9
                  | of the Dungeon)
 12495 | D:9      | Found Buethiofot's General Store.
 12727 | D:9      | Bought a wand of acid (7) for 374 gold pieces
 12887 | D:9      | Found Nanuch's Jewellery Boutique.
 12895 | D:9      | Bought a cursed ring of teleportation for 63 gold pieces
 12895 | D:9      | Bought a cursed -3 ring of dexterity for 28 gold pieces
 13002 | D:9      | Found a shimmering blue altar of Sif Muna.
 13080 | D:9      | Found the -2 hat of the Alchemist {rElec rPois rF+ rC+ rN+
                  | MR+ rMut rCorr}
 13203 | D:9      | Found Pij Dyxt's Jewellery Shop.
 13260 | D:9      | Killed a deep elf mage
 13265 | D:9      | Reached skill level 1 in Shields
 13410 | D:10     | Entered Level 10 of the Dungeon
 13410 | D:10     | Noticed a cyclops
 13417 | D:10     | Killed a cyclops
 13418 | D:10     | Noticed a two-headed ogre
 13422 | D:10     | Killed a two-headed ogre
 13480 | D:10     | Noticed a two-headed ogre
 13486 | D:10     | Killed a two-headed ogre
 13937 | D:10     | Reached skill level 10 in Evocations
 14346 | D:10     | Noticed a two-headed ogre
 14351 | D:10     | Killed a two-headed ogre
 14351 | D:10     | Reached XP level 12. HP: 86/97 MP: 5/19
 14858 | D:11     | Noticed a centaur warrior
 14872 | D:11     | Killed a centaur warrior
 14996 | D:11     | Noticed a centaur warrior
 15003 | D:11     | Killed a centaur warrior
 15003 | D:11     | Reached skill level 10 in Fighting
 15086 | D:11     | Noticed a centaur warrior
 15093 | D:11     | Killed a centaur warrior
 15410 | D:9      | Bought the ring "Dasos" {*Corrode +Fly rElec Int+10 Stlth+}
                  | for 676 gold pieces
 15516 | D:11     | Found a staircase to the Orcish Mines.
 15550 | D:11     | Shot with a bolt by a yaktaur

Skill      XL: |  1  2  3  4  5  6  7  8  9 10 11 12 |
---------------+-------------------------------------+-----
Fighting       | 2 3 4 5 6 8 9 10 | 10.2
Dodging        | 3 |  3.7
Evocations     | 3 4 6 7 8 9 10 | 10.4
Staves         | 1 2 4 5 6 7 |  7.2
Armour         | 1 3 4 6 7 8 |  8.0
Shields        | 2 3 |  3.9
Maces & Flails | |  0.7
Stealth        | |  2.6

Action                   |  1- 3 |  4- 6 |  7- 9 | 10-12 || total
-------------------------+-------+-------+-------+-------++-------
Melee: Whip              |   181 |   169 |       |       ||   350
       Staff             |       |    15 |   228 |   305 ||   548
       Scimitar          |       |       |       |    23 ||    23
Throw: Stone             |       |     3 |     1 |       ||     4
Invok: Call Merchant     |       |       |       |     1 ||     1
Evoke: Staff of Olgreb   |       |     6 |    41 |    84 ||   131
       Wand              |       |       |    15 |    16 ||    31
       Box of beasts     |       |       |       |     1 ||     1
  Use: Scroll            |     7 |     4 |     5 |     5 ||    21
 Stab: Sleeping          |    11 |     5 |     2 |       ||    18
       Distracted        |       |       |     2 |     2 ||     4
Armor: Robe              |    63 |    79 |     7 |       ||   149
       Ring mail         |       |       |    19 |       ||    19
       Chain mail        |       |       |    91 |   272 ||   363
Dodge: Dodged            |   131 |   169 |    95 |   163 ||   558
Block: Buckler           |       |       |       |    21 ||    21
